 Dungeon Crawl Stone Soup version 0.28.0-53-g5a82cb258f (webtiles) character file.

Game seed: 3160045434280916105

22782 Revguard the Cleaver (level 13, 0/114 HPs)
             Began as a Hill Orc Fighter on May 24, 2022.
             Was a High Priest of Beogh.
             Killed from afar by a starcursed mass (6 damage)
             ... with an accursed screaming
             ... on level 2 of the Abyss.
             The game lasted 00:47:52 (17151 turns).

Revguard the Cleaver (Hill Orc Fighter)            Turns: 17151, Time: 00:47:52

Health: 0/114      AC: 22    Str: 20      XL:     13   Next: 2%
Magic:  21/21      EV: 11    Int:  1 (6)  God:    Beogh [*****.]
Gold:   528        SH: 11    Dex: 14      Spells: 12/12 levels left

rFire   . . .      SeeInvis .   h - +3 broad axe (vorpal)
rCold   . . .      Faith    .   O - +0 kite shield
rNeg    . . .      Spirit   .   n - +4 plate armour
rPois   +          Reflect  .   (helmet restricted)
rElec   .          Harm     .   y - +1 cloak of Starlight {*Dazzle EV+4 Stlth--}
rCorr   +          Rampage  .   q - +0 pair of gloves
Will    .....      Rage     1%  (no boots)
Stlth   .......... Rnd*Tele +   c - amulet of regeneration
HPRegen 0.00/turn               o - ring of poison resistance
MPRegen 0.17/turn               m - ring of resist corrosion

@: sick, unable to read
A: walk on water, horns 1, berserk 1, dopey 1, teleportitis 1, [inability to
read while threatened]
a: Renounce Religion, Smiting, Recall Orcish Followers, Give Item to Named
Follower


You were on level 2 of the Abyss.
You worshipped Beogh.
Beogh was extremely pleased with you.
You visited 2 branches of the dungeon, and saw 15 of its levels.
You visited the Abyss 1 time.
You also visited: Ossuary and Bailey.

You collected 850 gold pieces.
You spent 322 gold pieces at shops.

Inventory:

Hand Weapons
 a - a +2 vorpal shortbow
 d - a +3 falchion of freezing
 h - a +3 vorpal broad axe (weapon)
 p - a +2 vampiric falchion
 s - a +2 hand axe of venom
 A - the +0 whip of Context {elec, rN+}
   (You found it on level 5 of the Dungeon)

   It occasionally discharges a powerful burst of electricity upon striking a
   foe.
   rN:        It protects you from negative energy.
 G - a +2 long sword of freezing
 T - a +1 vampiric halberd
 W - the +3 whip "Revguard's Regret" {holy, rElec rPois Will+++ Dex-4}
   (You found it on level 12 of the Dungeon)

   It has been blessed by the Shining One to cause great damage to the undead
   and demons.
   Dex:       It affects your dexterity (-4).
   rElec:     It insulates you from electricity.
   rPois:     It protects you from poison.
   Will:      It greatly increases your willpower.
 X - the +1 great sword of Valiance {pain, Dex+2}
   (You bought it in a shop on level 13 of the Dungeon)

   In the hands of one skilled in necromantic magic, it inflicts extra damage on
   living creatures.
   Dex:       It affects your dexterity (+2).
Missiles
 K - a throwing net (quivered)
Armour
 n - a +4 plate armour (worn)
 q - a +0 pair of gloves (worn)
 y - the +1 cloak of Starlight (worn) {*Dazzle EV+4 Stlth--}
   (You acquired it on level 7 of the Dungeon)

   It may blind those who miss an attack against the wearer in melee combat.
   EV:        It affects your evasion (+4).
   Stlth:     It makes you much less stealthy.
 B - a +2 scale mail
 C - a +2 helmet
 I - a +0 plate armour
 N - +0 fire dragon scales
 O - a +0 kite shield (worn)
 U - a +1 ring mail of willpower
Jewellery
 c - an amulet of regeneration (around neck)
 m - a ring of resist corrosion (right hand)
 o - a ring of poison resistance (left hand)
 t - an amulet of reflection
 H - a +6 ring of dexterity
Wands
 z - a wand of iceblast (3)
Scrolls
 e - 3 scrolls of vulnerability
 f - a scroll of fear
 i - 3 scrolls of blinking
 j - 2 scrolls of amnesia
 k - 2 scrolls of immolation
 l - 4 scrolls of teleportation
 w - a scroll of fog
 x - a scroll of summoning
 J - a scroll of silence
 L - 4 scrolls of identify
 V - 3 scrolls of magic mapping
Potions
 b - 2 potions of curing
 r - 3 potions of flight
 v - 2 potions of mutation
 E - a potion of brilliance
 F - 3 potions of resistance
 M - 3 potions of ambrosia
 P - a potion of magic
 Q - 2 potions of invisibility
Miscellaneous
 S - a tin of tremorstones (inert)


   Skills:
 + Level 10.5 Fighting
 + Level 10.9 Axes
 + Level 9.7 Armour
 + Level 6.7 Dodging
 + Level 9.6 Shields
 + Level 10.7 Invocations
 + Level 8.1 Evocations


You had 12 spell levels left.
You didn't know any spells.
Your spell library contained the following spells:

 Spells                   Type           Power      Damage    Failure   Level
 Beastly Appendage        Tmut           0%         N/A       100%        1
 Sandblast                Erth           0%         2d4       100%        1
 Static Discharge         Conj/Air       0%         N/A       100%        2
 Wereblood                Tmut           0%         N/A       100%        2
 Gell's Gravitas          Tloc           0%         N/A       100%        3
 Portal Projectile        Hex/Tloc       0%         N/A       100%        3
 Spider Form              Tmut/Pois      0%         N/A       100%        3
 Stone Arrow              Conj/Erth      0%         3d7       100%        3
 Teleport Other           Tloc           0%         N/A       100%        3
 Fulminant Prism          Conj/Hex       0%         3d6       100%        4
 Iskenderun's Mystic Bla  Conj/Tloc      0%         2d3       100%        4
 Lee's Rapid Deconstruct  Erth           0%         3d5*      100%        5
 Lightning Bolt           Conj/Air       0%         1d11      100%        5
 Dispersal                Tloc           0%         N/A       100%        6
 Maxwell's Capacitive Co  Air            0%         ∞         100%        8
 Shatter                  Erth           0%         3d5*      100%        9


Dungeon Overview and Level Annotations

Branches:
Dungeon (14/15)            Temple (1/1) D:7            Lair (0/6) D:11
    Orc (0/2) D:12         Vaults (0/5) D:14        Ossuary (visited)
 Bailey (visited)

Altars:
Ashenzari
Cheibriados
Dithmenos
Elyvilon
Fedhas
Gozag
Hepliaklqana
Kikubaaqudgha
Makhleb
Nemelex Xobeh
Okawaru
Qazlal
Ru
Sif Muna
Trog
Uskayaw
Vehumet
Wu Jian
Xom
Yredelemnul
Zin
The Shining One
Beogh

Shops:
D:3 (   D:13 (

Annotations:
D:14 Louise


Innate Abilities, Weirdness & Mutations

You can walk on water.
You have a pair of small horns on your head.
You tend to lose your temper in combat.
You are dopey. (Int -2)
You are occasionally teleported next to monsters.
[You sometimes lose the ability to read scrolls when taking damage.]


Message History

The chaos spawn barely misses you.
The chaos spawn is blinded by the light from your cloak!
You miss the chaos spawn. Your headbutt misses the chaos spawn.
The chaos spawn closely misses you.
You closely miss the chaos spawn. You block the chaos spawn's attack.
You slice the chaos spawn!!
You headbutt the chaos spawn, but do no damage.
The chaos spawn is severely wounded.
You can read scrolls again.
You hit the starcursed mass.
You headbutt the starcursed mass, but do no damage.
The starcursed mass is heavily damaged.
The starcursed mass barely misses you.
You hit the starcursed mass but do no damage.
You headbutt the starcursed mass.
The starcursed mass is severely damaged.
Press: ? - help, v - describe, . - travel
Here: a starcursed mass (heavily damaged)
The floor.
You slash the starcursed mass!
You destroy the starcursed mass!
That felt strangely unrewarding.
You start resting.
A starcursed mass is nearby!
You hit the starcursed mass.
You headbutt the starcursed mass, but do no damage.
The starcursed mass is moderately damaged.
The starcursed mass shrieks in your mind.
* * * LOW HITPOINT WARNING * * *
You hit the starcursed mass.
The starcursed mass is heavily damaged.
The starcursed mass touches you but does no damage.
The starcursed mass touches you!
You feel threatened and lose the ability to read scrolls!
* * * LOW HITPOINT WARNING * * *
You slash the starcursed mass!
You headbutt the starcursed mass, but do no damage.
The starcursed mass is almost destroyed.
The starcursed mass shrieks in your mind.
You die...

## #. . .. #.
..# . . ###..
#.X .. ##
##.##.X X..#
....XX. #
#..##3 #.##
#. .# ..
#.####.4#####
#. . ...#X.#
# ## ##..#@#
..X.####
#...### #≈ .
.# ###


You could see a starcursed mass.

Vanquished Creatures
  A fire dragon (D:10)
  An anaconda (shapeshifter) (D:14)
  A two-headed ogre (D:9)
  The ghost of Quickbrownfox the Thaumaturge, a novice DsIE of Okawaru (D:8)
  A sixfirhy (Abyss:2)
  A wretched star (Abyss:2)
  3 large abominations (Abyss:2)
  A deep elf pyromancer (D:14)
  An ugly thing (D:8)
  2 cyclopes
  A worldbinder (Abyss:2)
  2 manticores
  2 gargoyles
  2 unseen horrors
  The ghost of fuyune the Ruffian, a novice DrTm of Elyvilon (D:5)
  2 freezing wraiths (Abyss:2)
  A hellion (Abyss:2)
  4 hellwings (Abyss:2)
  A queen bee (D:9)
  A meliai (D:13)
  An ancient zyme (Abyss:2)
  Grinder (D:6)
  A blink frog (Abyss:2)
  3 raiju (Abyss:2)
  2 vampires
  2 ynoxinuls (Abyss:2)
  16 yaks
  A wraith (D:13)
  A hog (D:14)
  4 small abominations (Abyss:2)
  2 vampire mosquitoes (D:11)
  3 wargs (D:13)
  An acid dragon (D:5)
  3 water moccasins
  Duvessa (D:6)
  4 orc warriors
  4 sky beasts
  2 black bears
  2 ice beasts
  A necrophage (D:5)
  7 centaurs
  An ettin simulacrum (Abyss:2)
  2 ogres (D:5)
  10 kobold brigands
  3 scorpions
  2 bullfrogs
  2 gnoll sergeants
  A wyvern zombie (D:8)
  A water moccasin zombie (D:5)
  Dowan (D:6)
  7 vampire bats (Bailey)
  27 killer bees
  4 wights (D:7)
  4 wolf zombies (Bailey)
  An electric eel (D:9)
  A howler monkey (D:13)
  A bullfrog zombie (D:6)
  A quasit (Abyss:2)
  3 centaur zombies
  A starcursed mass (Abyss:2)
  2 hounds
  A human zombie (Ossuary)
  A gnoll shaman (D:9)
  5 orc priests
  A jelly (D:6)
  2 centaur skeletons
  3 iguanas
  11 orc wizards
  5 mummies (Ossuary)
  A howler monkey zombie (D:8)
  17 gnolls
  10 adders
  A shadow imp (D:7)
  3 white imps
  3 ufetubi
  An adder skeleton (D:5)
  5 worms
  40 orcs
  13 ball pythons
  8 endoplasms
  4 giant cockroaches
  A gnoll zombie (Ossuary)
  9 goblins
  3 hobgoblins
  3 jackals (D:3)
  2 quokkas
  6 bats
  7 frilled lizards
  2 goblin zombies (Ossuary)
  15 kobolds
  3 kobold zombies (Ossuary)
  20 orc zombies
  8 rats
381 creatures vanquished.

Vanquished Creatures (collateral kills)
  Kirke (D:14)
  2 boulder beetles
  A tengu warrior (D:13)
  2 deep elf pyromancers
  A manticore (D:14)
  A centaur zombie (D:11)
  A yaktaur (shapeshifter) (D:14)
  An unseen horror (D:12)
  A kobold demonologist (D:13)
  A komodo dragon (D:11)
  A troll (D:14)
  2 meliai (D:13)
  A wind drake (shapeshifter) (D:14)
  4 slime creatures
  2 shadows
  4 hogs (D:14)
  2 vampires (Bailey)
  2 vampire mosquitoes (D:11)
  A warg (D:13)
  4 centaurs (D:11)
  3 killer bees (D:10)
  A vampire bat (Bailey)
  3 wolf zombies (Bailey)
  An orc priest (D:10)
  An orc wizard (D:13)
  A goblin (D:10)
  3 kobolds (D:11)
  4 orc zombies (Bailey)
52 creatures vanquished.

Vanquished Creatures (others)
  An orc warrior (D:14)
  A centaur (D:11)
  A kobold brigand (D:8)
  An iguana (D:5)
  4 orc wizards
  7 orcs
  3 fungi (D:8)
  24 plants
42 creatures vanquished.

Grand Total: 475 creatures vanquished

Notes
Turn   | Place    | Note
-------+----------+-------------------------------------------
     0 | D:1      | Revguard the Hill Orc Fighter began the quest for the Orb.
     0 | D:1      | Reached XP level 1. HP: 19/19 MP: 1/1
   252 | D:1      | Reached XP level 2. HP: 27/27 MP: 2/2
  1198 | D:2      | Reached XP level 3. HP: 29/33 MP: 3/3
  1290 | D:2      | Reached skill level 1 in Invocations
  1327 | D:2      | Found a faded altar of an unknown god.
  1524 | D:2      | Reached skill level 1 in Evocations
  1960 | D:2      | Reached skill level 1 in Dodging
  1960 | D:2      | Reached XP level 4. HP: 40/40 MP: 4/4
  2531 | D:3      | Reached XP level 5. HP: 40/46 MP: 6/6
  3078 | D:3      | Found Mugurum's Weapon Shop.
  3384 | D:3      | Reached XP level 6. HP: 53/53 MP: 7/7
  3866 | D:4      | Reached XP level 7. HP: 28/60 MP: 9/9
  4236 | D:4      | Got Giepp's Incunabulum of Twisted Earth
  4286 | D:4      | Found a sand-covered staircase.
  4292 | Ossuary  | Entered an ossuary
  4567 | Ossuary  | Gained mutation: You are partially covered in iridescent
                  | scales. (AC +2) [potion of mutation]
  4567 | Ossuary  | Gained mutation: Your magical capacity is low. (-10% MP)
                  | [potion of mutation]
  4992 | D:4      | Reached skill level 5 in Fighting
  5180 | D:5      | Entered Level 5 of the Dungeon
  5230 | D:5      | Found a runed translucent gate.
  5230 | D:5      | Noticed fuyune's ghost (novice DrTm)
  5231 | D:5      | Found a runed translucent gate.
  5232 | D:5      | Found a runed translucent gate.
  5235 | D:5      | Identified the +0 whip of Context {elec, rN+}
  5241 | D:5      | Found a roughly hewn altar of Beogh.
  5267 | D:5      | Became a worshipper of Beogh the Brigand
  5291 | D:5      | Killed fuyune's ghost
  5292 | D:5      | Reached skill level 5 in Axes
  5292 | D:5      | Reached skill level 5 in Armour
  5292 | D:5      | Reached skill level 5 in Shields
  5292 | D:5      | Reached XP level 8. HP: 30/68 MP: 8/9
  5842 | D:5      | Got the Catalogue of Battle Magic and the Mountains
  5912 | D:5      | Reached skill level 5 in Invocations
  5931 | D:5      | Reached XP level 9. HP: 43/75 MP: 11/11
  6544 | D:5      | Identified a scroll of acquirement
  6545 | D:5      | Acquired a +1 vorpal broad axe
  6641 | D:6      | Reached * piety under Beogh
  6941 | D:6      | Noticed Dowan
  6950 | D:6      | Killed Dowan
  6952 | D:6      | Noticed Duvessa
  6958 | D:6      | Killed Duvessa
  7019 | D:6      | Found a broken altar of Ashenzari.
  7210 | D:6      | Noticed Grinder
  7219 | D:6      | Killed Grinder
  7557 | D:7      | Reached XP level 10. HP: 24/86 MP: 13/13
  7863 | D:7      | Found a staircase to the Ecumenical Temple.
  7873 | D:7      | Reached skill level 5 in Evocations
  7883 | Temple   | Entered the Ecumenical Temple
  8259 | D:7      | Noticed a cyclops
  8268 | D:7      | Killed a cyclops
  8572 | D:7      | Acquired the +1 cloak of Starlight {*Dazzle EV+4 Stlth--}
  8572 | D:7      | Found the +1 cloak of Starlight {*Dazzle EV+4 Stlth--}
  8863 | D:8      | Reached ** piety under Beogh
  8911 | D:8      | Noticed a green ugly thing
  8927 | D:8      | Killed a green ugly thing
  9480 | D:8      | Found a runed translucent gate.
  9480 | D:8      | Found a runed translucent gate.
  9480 | D:8      | Found a runed translucent gate.
  9481 | D:8      | Noticed Quickbrownfox's ghost (novice DsIE)
  9511 | D:8      | Killed Quickbrownfox's ghost
 10230 | D:9      | Reached skill level 5 in Dodging
 10377 | D:9      | Reached XP level 11. HP: 87/94 MP: 15/15
 10466 | D:9      | Reached *** piety under Beogh
 10641 | D:9      | Noticed a two-headed ogre
 10648 | D:9      | Killed a two-headed ogre
 10892 | D:10     | Entered Level 10 of the Dungeon
 10905 | D:10     | Noticed a fire dragon
 10912 | D:10     | Killed a fire dragon
 11233 | D:10     | Found a flagged portal.
 11248 | Bailey   | Entered a bailey
 11256 | Bailey   | Reached **** piety under Beogh
 11514 | Bailey   | Gained Grimold as an ally
 12004 | D:10     | Reached ***** piety under Beogh
 12309 | D:10     | Reached XP level 12. HP: 97/105 MP: 17/17
 13466 | D:11     | Reached skill level 10 in Axes
 13569 | D:11     | Found a staircase to the Lair.
 13766 | D:11     | Gained Grimold as an ally
 14049 | D:12     | Found a staircase to the Orcish Mines.
 14383 | D:12     | Reached skill level 10 in Invocations
 14485 | D:12     | Identified the +3 whip "Revguard's Regret" {holy, rElec
                  | rPois Will+++ Dex-4}
 14835 | D:13     | Noticed a tengu warrior
 14844 | D:13     | Killed a tengu warrior
 14924 | D:13     | Found Vuwnenuy's Antique Weapon Shoppe.
 14933 | D:13     | Bought a pitted great sword for 322 gold pieces
 14933 | D:13     | Identified the +1 great sword of Valiance {pain, Dex+2}
                  | (You bought it in a shop on level 13 of the Dungeon)
 14949 | D:13     | Noticed a boulder beetle
 14956 | D:13     | Killed a boulder beetle
 15005 | D:13     | Reached skill level 10 in Fighting
 15821 | D:14     | Found a gate to the Vaults.
 15827 | D:14     | Noticed a broodmother
 15829 | D:14     | Noticed a great orb of eyes
 15829 | D:14     | a broodmother changed into a great orb of eyes
 15834 | D:14     | Noticed an anaconda
 15834 | D:14     | a great orb of eyes changed into an anaconda
 15836 | D:14     | Killed an anaconda
 15874 | D:14     | Noticed a boulder beetle
 15883 | D:14     | HP: 5/107 [boulder beetle (42)]
 15886 | D:14     | Killed a boulder beetle
 16313 | D:14     | Noticed Kirke
 16324 | D:14     | Killed Kirke
 16325 | D:14     | Reached XP level 13. HP: 107/114 MP: 17/18
 16358 | D:14     | Noticed Louise
 16359 | D:14     | Cast into level 2 of the Abyss (Louise)
 16538 | Abyss:2  | Found a corrupted altar of Lugonu.
 16819 | Abyss:2  | HP: 5/114 [??? (3)]
 16834 | Abyss:2  | Found a corrupted altar of Lugonu.
 16870 | Abyss:2  | HP: 3/114 [ettin simulacrum (29)]
 16925 | Abyss:2  | Noticed a red very ugly thing
 16928 | Abyss:2  | Noticed a purple very ugly thing
 16928 | Abyss:2  | Noticed an ironbound thunderhulk
 17069 | Abyss:2  | Noticed a daeva
 17083 | Abyss:2  | Gained mutation: Your body sometimes deteriorates upon
                  | taking damage. [a neqoxec]
 17084 | Abyss:2  | Lost mutation: You are partially covered in iridescent
                  | scales. (AC +2) [potion of mutation]
 17084 | Abyss:2  | Lost mutation: Your magical capacity is low. (-10% MP)
                  | [potion of mutation]
 17084 | Abyss:2  | Lost mutation: Your body sometimes deteriorates upon taking
                  | damage. [potion of mutation]
 17084 | Abyss:2  | Gained mutation: You have a pair of small horns on your
                  | head. [potion of mutation]
 17088 | Abyss:2  | Gained mutation: You tend to lose your temper in combat. [a
                  | neqoxec]
 17090 | Abyss:2  | Gained mutation: You are occasionally teleported next to
                  | monsters. [a neqoxec]
 17106 | Abyss:2  | Gained mutation: You are dopey. (Int -2) [a neqoxec]
 17127 | Abyss:2  | Noticed a starcursed mass
 17151 | Abyss:2  | Killed from afar by a starcursed mass

Illustrated notes

Levels and vault maps discovered:
D:1:      eino_arrival_tree_alley, layout_rooms, serial_co_window_serial,
          co_window_paths_a, co_window_corner_a, co_window_paths_a,
          co_window_corner_a, co_window_of_opportunity_a, co_window_corner_cb,
          co_window_corner_b, co_window_2corner, co_window_unsneaky_path_d,
          co_window_of_opportunity_b, co_window_unsneaky_path_e,
          glass_columns_b, glass_columns_a, glass_columns_a, glass_columns_a,
          minmay_ruptured
D:2:      layout_loops_corners, nicolae_ecumenical_oubliette
D:3:      layout_rooms, serial_shops, nicolae_shop_bloodbath_and_beyond,
          nicolae_concentric_dashed_squares_wild, minmay_pentangle
D:4:      layout_gridville, nicolae_ossuary_entry_plus, minivault_1
D:5:      layout_basic, biasface_ghost_orc_armoury
D:6:      layout_rooms, nicolae_ashenzari_skybound, uniq_grinder, uniq_duvessa
D:7:      layout_gridville, minmay_temple_entry_gardened_gates
D:8:      minmay_recursive_quarters, layout_basic, gammafunk_ghost_nasty_kobolds
D:9:      layout_roguey [special_room_bee], minivault_4, due_unseen_surprise
D:10:     layout_stronghold, lightli_bailey_entry_fortress,
          kennysheep_generic_room_13
D:11:     layout_roguey, david_lair_shrubbed
D:12:     layout_loops_ring, orc_0_dummy
D:13:     layout_small_grid, serial_shops, shop, nooodl_orcs_dogs
D:14:     layout_irregular_city, david_vaults_2, hangedman_glass_teeth,
          uniq_louise, uniq_agnes, uniq_kirke
Temple:   kilobyte_greek_temple
Abyss:2:  base: D:2, evilmike_abyss_exit_mutagenic, kilobyte_mutagenic_chamber,
          hangedman_abyss_mock_shop, serial_sigils_hangedman_gut

Skill      XL: |  1  2  3  4  5  6  7  8  9 10 11 12 |
---------------+-------------------------------------+-----
Axes           | 3 4 5 6 7 8 9 10 | 10.9
Fighting       | 4 5 6 7 8 9 10 | 10.5
Invocations    | 1 2 4 5 6 8 9 10 | 10.7
Evocations     | 1 2 3 4 6 7 8 |  8.1
Dodging        | 1 2 3 4 5 6 |  6.7
Shields        | 4 5 6 7 8 9 |  9.6
Armour         | 4 5 6 7 8 9 |  9.7

Action                   |  1- 3 |  4- 6 |  7- 9 | 10-12 | 13-15 || total
-------------------------+-------+-------+-------+-------+-------++-------
Melee: War axe           |   102 |   173 |   240 |       |       ||   515
       Broad axe         |       |       |   119 |   587 |   163 ||   869
       Headbutt          |       |       |       |       |     8 ||     8
Throw: Throwing net      |       |       |       |     1 |       ||     1
Invok: Convert to Beogh  |       |       |     1 |       |       ||     1
       Smiting           |       |       |       |     2 |       ||     2
       Recall Orcish Fol |       |       |       |     7 |     1 ||     8
       Give Item to Name |       |       |       |     2 |       ||     2
Evoke: Wand              |       |       |       |    11 |     4 ||    15
       Tin of tremorston |       |       |       |       |     2 ||     2
  Use: Scroll            |     2 |     6 |     6 |     7 |     1 ||    22
       Potion            |     1 |     5 |     9 |     6 |     6 ||    27
 Stab: Invisible         |       |       |       |    19 |     4 ||    23
       Distracted        |       |       |       |     2 |       ||     2
Armor: Scale mail        |    12 |       |       |       |       ||    12
       Chain mail        |    35 |       |       |       |       ||    35
       Plate armour      |    28 |   207 |   234 |   406 |   115 ||   990
Dodge: Dodged            |    43 |    58 |    78 |   377 |    81 ||   637
Block: Buckler           |    30 |    59 |   195 |   332 |       ||   616
       Reflection        |       |       |     3 |    18 |       ||    21
       Kite shield       |       |       |       |   159 |   124 ||   283
